 Dungeon Crawl Stone Soup version 0.18.1-5-g4a78601 (webtiles) character file.

137 epen the Cudgeler (level 5, -9/31 HPs)
             Began as a Gargoyle Gladiator on May 14, 2016.
             Was a Follower of Makhleb.
             Killed by divine providence
             ... invoked by an orc priest
              (11 damage)
             ... on level 3 of the Dungeon.
             The game lasted 00:03:06 (2561 turns).

epen the Cudgeler (Gargoyle Gladiator)              Turns: 2561, Time: 00:03:07

Health: -9/31      AC: 13    Str: 20    XL:     5   Next: 20%
Magic:  6/6        EV:  8    Int:  8    God:    Makhleb [*.....]
Gold:   105        SH:  0    Dex: 10    Spells: 0 memorised, 4 levels left

rFire  . . .     SeeInvis .     e - +1 whip (flame)
rCold  . . .     Gourm    .     t - +0 chain mail
rNeg   + . .     Faith    .     (no shield)
rPois  ∞         Spirit   .     c - +0 helmet
rElec  +         Dismiss  .     (no cloak)
rCorr  .         Reflect  .     (no gloves)
SustAt .         Harm     .     (no boots)
MR     .....                    (no amulet)
Stlth  ..........               (no ring)
                                (no ring)

@: not resistant to hostile enchantments, extremely unstealthy
A: negative energy resistance 1, electricity resistance, unbreathing,
petrification resistance, rot immunity, AC +4
a: Renounce Religion


You were on level 3 of the Dungeon.
You worshipped Makhleb.
Makhleb was aware of your devotion.
You were not hungry.

You visited 1 branch of the dungeon, and saw 3 of its levels.

You collected 105 gold pieces.

Inventory:

Hand Weapons
 a - a +0 flail
 e - a +1 whip of flaming (weapon)
Missiles
 d - 4 throwing nets (quivered)
Armour
 b - a +0 leather armour
 c - a +0 helmet (worn)
 t - a +0 chain mail (worn)
Scrolls
 g - 2 scrolls of remove curse {unknown}
 h - a scroll of enchant weapon {unknown}
 j - 2 scrolls of recharging {unknown}
 o - 2 scrolls of enchant armour {unknown}
 u - a scroll of immolation {unknown}
 v - a scroll of fear {unknown}
Potions
 k - a potion of lignification {unknown}
 l - 2 potions of mutation {unknown}
 m - 2 potions of might {unknown}
 n - a potion of flight {unknown}
 q - 2 potions of agility {unknown}
 r - 2 potions of curing {unknown}
 z - a potion of berserk rage {unknown}
Comestibles
 f - 2 bread rations
 i - a royal jelly
 p - a beef jerky
 s - a meat ration
 w - a fruit
 x - 2 chunks of flesh


   Skills:
 + Level 2.6 Fighting
 * Level 4.3 Maces & Flails
 - Level 1.7 Throwing
 + Level 1.3 Armour
 * Level 3.0 Dodging
 * Level 1.8 Invocations


You had 4 spell levels left.
You didn't know any spells.

Dungeon Overview and Level Annotations

Branches:
Dungeon (3/15)

Altars:
Cheibriados
Elyvilon
Fedhas
Makhleb
Zin


Innate Abilities, Weirdness & Mutations

You are resistant to torment.
Your stone body is resilient (AC +4).
You are immune to poison.
You resist negative energy.
You are resistant to electric shocks.
You can survive without breathing.
You are immune to petrification.
You are immune to rotting.


Message History

Things that are here:
a dagger of flaming; a leather armour You closely miss the orc priest.
The orc priest invokes the aid of Beogh against you.
Pain shoots through your body!
You hit the orc priest. You burn the orc priest.
The orc priest is heavily wounded.
The goblin closely misses you.
The orc priest calls down the wrath of Beogh upon you.
Beogh smites you!
* * * LOW HITPOINT WARNING * * *
You are too injured to fight recklessly!
You are too injured to fight recklessly!
You closely miss the orc priest.
The orc priest is heavily wounded.
The orc priest barely misses you. The goblin closely misses you.
The orc priest barely misses you.
The orc priest invokes the aid of Beogh against you.
Beogh smites you!
You die...

#..............'...[....
#..............####.####
#..............## #.# #
#...............# #.# #
#...............# #.#### #
#...............###..... #
#...........##.......... #
######.######.......... # #@#
#.........# # ###g## #.........#
# ##### #.%)o# #.........# #
#...# #.##o#####.........# #
#...# #...o...##.........# #...#
..⌠...⌠..##........# # #(..#
...........#........# #
#...##....o⌠.....#........#
#######...+#..>o....<..####..##.#


You could see an orc priest, 2 orcs and a goblin.

Vanquished Creatures
  An orc priest (D:3)
  A worker ant (D:3)
  An ooze (D:3)
  2 dart slugs
  4 giant geckos
  2 orcs
  6 bats
  3 giant cockroaches
  5 goblins
  8 hobgoblins
  8 jackals
  10 kobolds
  A quokka (D:3)
  A ball python (D:2)
  6 giant newts
  5 rats
64 creatures vanquished.

Vanquished Creatures (others)
  A rat (D:1)
1 creature vanquished.

Grand Total: 65 creatures vanquished

Notes
Turn   | Place    | Note
--------------------------------------------------------------
     0 | D:1      | epen the Gargoyle Gladiator began the quest for the Orb.
     0 | D:1      | Reached XP level 1. HP: 12/12 MP: 1/1
   108 | D:1      | Reached XP level 2. HP: 18/18 MP: 2/2
   733 | D:2      | Found a faded altar to an unknown god.
   736 | D:2      | Reached XP level 3. HP: 20/22 MP: 3/3
   754 | D:2      | Found a blossoming altar of Fedhas.
   848 | D:2      | Found a burning altar of Makhleb.
   851 | D:2      | Found a white marble altar of Elyvilon.
   856 | D:2      | Found a snail-covered altar of Cheibriados.
   862 | D:2      | Became a worshipper of Makhleb the Destroyer
  1057 | D:2      | Found a glowing silver altar of Zin.
  1554 | D:3      | Reached * piety under Makhleb
  1554 | D:3      | Reached skill level 1 in Armour
  1754 | D:3      | Reached XP level 4. HP: 27/27 MP: 4/4
  1851 | D:3      | Reached skill level 4 in Maces & Flails
  1851 | D:3      | Reached skill level 1 in Invocations
  1852 | D:3      | HP: 1/27 [orc/flail (3)]
  2359 | D:3      | Reached XP level 5. HP: 25/31 MP: 4/6
  2558 | D:3      | HP: 1/31 [orc priest/divine providence (10)]
  2561 | D:3      | Killed from afar by an orc priest

Skill      XL: |  1  2  3  4 |
---------------+-------------+-----
Armour         | 1 |  1.3
Maces & Flails | 4 |  4.3
Invocations    | 1 |  1.8
Dodging        | 3 |  3.0
Fighting       | |  2.6
Throwing       | |  1.7

Action                   |  1- 3 |  4- 6 || total
-------------------------+-------+-------++-------
Melee: Flail             |    15 |       ||    15
       Whip              |   132 |    63 ||   195
  Eat: Chunk             |     3 |     2 ||     5
Armor: Leather armour    |    54 |       ||    54
       Chain mail        |     5 |    40 ||    45
Dodge: Dodged            |    85 |    33 ||   118
